 Dungeon Crawl Stone Soup version 0.29.1-15-g9cfb28693d (webtiles) character file.

Game seed: 7910612208853318792

851 CatalinOSBI the Purveyor of Pain (level 7, -1/36 HPs)
             Began as a Deep Elf Necromancer on Mar 29, 2023.
             Was an Initiate of Kikubaaqudgha.
             Slain by a black bear (8 damage)
             ... on level 6 of the Dungeon.
             The game lasted 01:02:49 (7068 turns).

CatalinOSBI the Purveyor of Pain (DENe)             Turns: 7068, Time: 01:02:50

Health: -1/36      AC:  3    Str:  5    XL:     7   Next: 69%
Magic:  20/20      EV: 16    Int: 22    God:    Kikubaaqudgha [......]
Gold:   284        SH:  0    Dex: 13    Spells: 8/21 levels left

rFire   . . .      SeeInvis .   e - +1 dagger (vorpal)
rCold   . . .      Faith    .   (no shield)
rNeg    . . .      Spirit   .   x - +1 robe {Will+}
rPois   .          Reflect  .   n - +0 helmet
rElec   .          Harm     .   (no cloak)
rCorr   .          Rampage  .   (no gloves)
Will    +....                   (no boots)
Stlth   ++........              g - amulet of magic regeneration
HPRegen 0.12/turn               r - ring of wizardry
MPRegen 0.57/turn               t - +4 ring of evasion

@: animating dead
A: clumsy 1, deformed body
a: Renounce Religion


You were on level 6 of the Dungeon.
You worshipped Kikubaaqudgha.
Kikubaaqudgha was noncommittal.
You visited 2 branches of the dungeon, and saw 8 of its levels.

You collected 284 gold pieces.

Inventory:

Hand Weapons
 e - a +1 vorpal dagger (weapon)
 k - a +0 short sword
Armour
 a - a +0 robe
 h - a +2 robe
 m - the +5 ring mail "Ywkoadgh" {Str+4 Int-4 Stlth+}
   (You found it on level 5 of the Dungeon)

   Str:       It affects your strength (+4).
   Int:       It affects your intelligence (-4).
   Stlth:     It makes you more stealthy.
 n - a +0 helmet (worn)
 x - a +1 robe of willpower (worn)
Jewellery
 g - an amulet of magic regeneration (around neck)
 r - a ring of wizardry (left hand)
 t - a +4 ring of evasion (right hand)
Wands
 i - a wand of polymorph (14)
 u - a wand of digging (4)
Scrolls
 d - a scroll of poison
 p - a scroll of amnesia {unknown}
 s - a scroll of vulnerability {unknown}
 w - a scroll of enchant weapon
Potions
 c - a potion of ambrosia
 f - a potion of curing
 j - a potion of degeneration {unknown}
 l - 2 potions of flight
 o - a potion of attraction
 q - a potion of haste {unknown}
 v - 2 potions of brilliance {unknown}


   Skills:
 - Level 3.3 Short Blades
 - Level 2.8 Dodging
 - Level 2.9 Stealth
 * Level 7.7 Spellcasting
 * Level 8.1 Necromancy
 + Level 0.1 Air Magic


You had 8 spell levels left.
You knew the following spells:

 Your Spells              Type           Power      Damage    Failure   Level
a - Necrotise             Necr           100%       1d9       1%          1
b - Vampiric Draining     Necr           44%        2d9       1%          3
c - Animate Dead          Necr           44%        N/A       1%          4
d - Frozen Ramparts       Ice            16%        1d3       9%          3
e - Static Discharge      Conj/Air       8%         3-4/arc   4%          2

Your spell library contained the following spells:

 Spells                   Type           Power      Damage    Failure   Level
 Freeze                   Ice            32%        1d5       3%          1
 Agony                    Necr           44%        N/A       3%          5
 Hailstorm                Conj/Ice       8%         3d4       28%         4
 Lightning Bolt           Conj/Air       4%         1d15      58%         5
 Maxwell's Capacitive Co  Air            4%         ∞         100%        8


Dungeon Overview and Level Annotations

Branches:
Dungeon (7/15)             Temple (1/1) D:4

Altars:
Ashenzari
Cheibriados
Elyvilon
Fedhas
Gozag
Hepliaklqana
Kikubaaqudgha
Makhleb
Nemelex Xobeh
Okawaru
Qazlal
Ru
Sif Muna
Uskayaw
Vehumet
Xom
Yredelemnul
Zin
The Shining One

Shops:
D:5 *

Annotations:
D:3 1 runed translucent door, vvl's ghost, amateur DsEE


Innate Abilities, Weirdness & Mutations

You are clumsy. (Dex -2)
Armour fits poorly on your strangely shaped body.


Message History

The black bear is severely wounded.
The black bear bites you but does no damage.
The black bear barely misses you. x2
Your orc wizard zombie hits the orc zombie.
The orc zombie misses you. The black bear completely misses you.
The black bear claws you.
The black bear claws you but does no damage.
You barely miss the black bear.
The black bear is severely wounded.
Your orc zombie hits the black bear but does no damage.
Your orc wizard zombie closely misses the orc zombie.
The black bear completely misses you. The black bear claws you. x2
You swap places.
The black bear bites your orc wizard zombie!
Your orc wizard zombie is destroyed!
The orc zombie completely misses you.
Your orc zombie hits the black bear but does no damage.
Items here: ))) [.
You swap places.
The orc zombie hits your orc zombie. The black bear bites your orc zombie!
Your orc zombie is destroyed!
Your orc zombie closely misses the black bear.
You see here a +0 club.
The black bear bites you. The black bear closely misses you.
The black bear claws you.
Casting: Static Discharge (safe; 4% risk of failure)
Confirm with . or Enter, or press ? or * to list all spells.
Aiming: Vampiric Draining (safe; 1% risk of failure)
Press: ? - help, Shift-Dir - straight line, f/p - black bear
Aim: a black bear (severely wounded, berserk, ally target)
You draw life force from the black bear!
You feel life coursing into your body.
Something barely misses your orc zombie.
The black bear bites you!
* * * LOW HITPOINT WARNING * * *
The black bear closely misses you. The black bear barely misses you.
Your orc zombie hits the black bear but does no damage.
Magic courses through your body. The black bear bites you!
You die...
Kikubaaqudgha rasps: "You have failed me!
Welcome... death!"

#####.############.#
#.............# #.#
#.............# #.#
#..##########[# #.# #..#
#.# #.# #..# ######.#
#.# #..# #......## ###
##..#####.###...####
.....[..........@h)#
##..#####.###...##Z###.#
....# ##.##.Z....# #####
#.##..##### # #.##..# #
#..#..# # ##.#..# # #.!.
# ##.#


You could see a black bear (berserk, ally target) and a friendly orc zombie.

Vanquished Creatures
  Prince Ribbit (D:5)
  An ogre (D:5)
  2 scorpions (D:5)
  3 wights
  A gnoll bouda (D:6)
  2 iguanas
  An orc wizard (D:6)
  3 adders
  2 gnolls (D:6)
  A white imp (D:6)
  3 worms
  3 dart slugs
  19 orcs
  2 endoplasms
  5 giant cockroaches
  6 goblins
  8 hobgoblins
  6 jackals (D:1)
  4 kobolds
  2 quokkas
  5 ball pythons
  4 bats
  3 frilled lizards
  8 rats
95 creatures vanquished.

Vanquished Creatures (collateral kills)
  An adder (D:5)
  A gnoll (D:6)
  An orc (D:5)
  An endoplasm (D:1)
  A goblin (D:1)
  A hobgoblin (D:4)
  A jackal (D:1)
7 creatures vanquished.

Vanquished Creatures (others)
  An ogre zombie (D:5)
  3 gnoll zombies (D:6)
  A ball python zombie (D:4)
  5 orc zombies
10 creatures vanquished.

Grand Total: 112 creatures vanquished

Notes
Turn   | Place    | Note
-------+----------+-------------------------------------------
     0 | D:1      | CatalinOSBI the Deep Elf Necromancer began the quest for
                  | the Orb.
     0 | D:1      | Reached XP level 1. HP: 10/10 MP: 6/6
   155 | D:1      | Reached skill level 5 in Necromancy
   155 | D:1      | Reached XP level 2. HP: 15/15 MP: 1/8
   788 | D:1      | Reached XP level 3. HP: 17/19 MP: 7/10
   935 | D:2      | Learned a level 3 spell: Vampiric Draining
  1614 | D:2      | Gained mutation: You are clumsy. (Dex -2) [potion of
                  | mutation]
  1614 | D:2      | Gained mutation: Armour fits poorly on your strangely
                  | shaped body. [potion of mutation]
  1820 | D:3      | Found a white marble altar of Elyvilon.
  2282 | D:3      | Reached skill level 1 in Short Blades
  2325 | D:3      | Found a runed translucent door.
  2326 | D:3      | Noticed vvl's ghost (amateur DsEE)
  2575 | D:3      | Found a faded altar of an unknown god.
  2813 | D:4      | Reached XP level 4. HP: 24/24 MP: 10/12
  3250 | D:4      | Learned a level 4 spell: Animate Dead
  3254 | D:4      | Learned a level 3 spell: Frozen Ramparts
  3847 | D:4      | Reached XP level 5. HP: 28/28 MP: 12/14
  3849 | D:4      | Reached skill level 6 in Necromancy
  4069 | D:4      | Found a staircase to the Ecumenical Temple.
  4079 | Temple   | Entered the Ecumenical Temple
  4223 | Temple   | Became a worshipper of Kikubaaqudgha
  4507 | D:5      | Entered Level 5 of the Dungeon
  4534 | D:5      | Found a broken altar of Ashenzari.
  4543 | D:5      | Reached skill level 5 in Spellcasting
  4654 | D:5      | Noticed an ogre
  4670 | D:5      | Killed an ogre
  4704 | D:5      | Noticed Prince Ribbit
  4735 | D:5      | Killed Prince Ribbit
  4736 | D:5      | Reached skill level 7 in Necromancy
  4736 | D:5      | Reached XP level 6. HP: 32/32 MP: 5/17
  4818 | D:5      | Found Norphugyc's General Store.
  4843 | D:5      | Identified the +5 ring mail "Ywkoadgh" {Str+4 Int-4 Stlth+}
  4917 | D:5      | Reached XP level 7. HP: 35/36 MP: 11/19
  6074 | D:6      | Learned a level 2 spell: Static Discharge
  6765 | D:5      | Reached skill level 8 in Necromancy
  7068 | D:6      | Slain by a black bear

Illustrated notes

Levels and vault maps discovered:
D:1:      nzn_arrival_settlement, layout_basic
D:2:      layout_loops_cross, small_statue_intersection
D:3:      layout_loops_corners, mainiacjoe_overflow_24_doors,
          dilly_ecumenical_altar_fadedgnrine, ebering_ghost_inner_flame,
          st_stairs_3
D:4:      layout_loops_corners, minmay_temple_entry_poolview
D:5:      layout_cave_pools, ashenzari_conservatory_becter, serial_shops,
          nicolae_stop_n_shop_2, serial_rivers, chequers_serial_rivers_small_b,
          chequers_serial_rivers_marsh, chequers_serial_rivers_small_3,
          chequers_serial_rivers_micro_c, chequers_serial_rivers_large_b,
          uniq_prince_ribbit1
D:6:      layout_loops_ring, nzn_wu_jian_council_hall
D:7:      layout_rooms, nicolae_ossuary_entry_ruins, grunt_livestock,
          uniq_menkaure
Temple:   nicolae_temple_bog_church

Skill      XL: |  1  2  3  4  5  6  7 |
---------------+----------------------+-----
Necromancy     | 5 7 8 |  8.1
Spellcasting   | 4 6 7 |  7.7
Short Blades   | 1 2 3 |  3.3
Dodging        | |  2.8
Stealth        | |  2.9
Air Magic      | |  0.1

Action                   |  1- 3 |  4- 6 |  7- 9 || total
-------------------------+-------+-------+-------++-------
Melee: Dagger            |    20 |     4 |    13 ||    37
       Punch             |       |       |     1 ||     1
Throw: Throwing net      |       |     1 |     1 ||     2
 Cast: Necrotise         |    75 |    69 |    18 ||   162
       Frozen Ramparts   |       |     5 |     7 ||    12
       Vampiric Draining |       |     6 |    11 ||    17
       Animate Dead      |       |     5 |     4 ||     9
       Static Discharge  |       |       |    11 ||    11
  Use: Scroll            |     6 |     6 |       ||    12
       Potion            |     4 |       |     1 ||     5
 Stab: Sleeping          |     1 |       |       ||     1
Armor: Robe              |    11 |     5 |     6 ||    22
Dodge: Dodged            |    42 |     9 |    33 ||    84
